 Dungeon Crawl Stone Soup version 0.32-a0-42-ga30500b4d3 (webtiles) character file.

Game seed: 10383362546190343212

2278 Newt the Trooper (level 9, -12/59 HPs)
             Began as a Gargoyle Fighter on Jan 31, 2024.
             Was a Believer of Lugonu.
             Mangled by a two-headed ogre
             ... wielding a +0 giant spiked club
              (13 damage)
             ... on level 9 of the Dungeon.
             The game lasted 00:10:03 (6346 turns).

Newt the Trooper (Gargoyle Fighter)                 Turns: 6346, Time: 00:10:04

Health: -12/59     AC: 23    Str: 26    XL:     9   Next: 39%
Magic:  0/9        EV: 10    Int: 10    God:    Lugonu [**....]
Gold:   362        SH:  6    Dex:  9    Spells: 8/8 levels left

rFire   + + +        x - +3 mace (protect)
rCold   + + .        c - +1 buckler
rNeg    + . .        t - +2 ring mail {rF+}
rPois   ∞            (no helmet)
rElec   +            m - scarf {rC+ rF+}
rCorr   +            r - +0 pair of gloves of a sewer {Str+3}
SInv    +            (no boots)
Will    .....        h - amulet of guardian spirit Stlth
                     u - ring of see invisible
HPRegen 0.29/turn    (no ring)
MPRegen 0.11/turn

%: guardian spirit
@: resistant, under a protective aura
A: sickness immunity, AC +6, negative energy resistance 1, electricity
resistance, torment resistance 1, petrification resistance
a: Renounce Religion, Depart the Abyss, Banish


You were on level 9 of the Dungeon.
You worshipped Lugonu.
Lugonu was pleased with you.
You visited 1 branch of the dungeon, and saw 8 of its levels.
You visited the Abyss 1 time.

You collected 362 gold pieces.

Inventory:

Hand Weapons
 a - a +0 flail
 j - a +1 falchion of protection
 x - a +3 mace of protection (weapon)
Missiles
 d - 2 silver javelins
 e - 4 boomerangs
 i - 6 javelins
Armour
 b - a +0 scale mail
 c - a +1 buckler (worn)
 m - a scarf of resistance (worn)
 r - the +0 pair of gloves of a sewer (worn) {Str+3}
   (You found it on level 3 of the Dungeon)

   Str+3:     It affects your strength (+3).
 t - a +2 ring mail of fire resistance (worn)
Jewellery
 h - an amulet of guardian spirit (around neck)
 q - an amulet of faith
 u - a ring of see invisible (left hand)
Scrolls
 n - a scroll of immolation
Potions
 f - a potion of mutation
 k - 2 potions of brilliance
 l - a potion of magic
 o - 2 potions of attraction
 p - a potion of berserk rage {unknown}
 s - a potion of might
 w - a potion of resistance
 z - a potion of curing {unknown}


   Skills:
 + Level 7.9 Fighting
 - Level 3.7 Long Blades
 - Level 3.0 Maces & Flails
 - Level 5.3 Throwing
 * Level 6.1 Armour
 * Level 6.1 Shields


You had 8 spell levels left.
You didn't know any spells.
Your spell library contained the following spells:

 Spells                   Type           Power      Damage    Failure   Level
 Kiss of Death            Conj/Necr      0%         2d5       54%         1
 Confusing Touch          Hex            0%         N/A       88%         3
 Frozen Ramparts          Ice            0%         1d1       88%         3
 Dispel Undead            Necr           0%         3d6       99%         4
 Leda's Liquefaction      Alch/Erth      0%         N/A       99%         4
 Petrify                  Alch/Erth      0%         N/A       99%         4
 Metabolic Englaciation   Hex/Ice        0%         N/A       100%        5


Dungeon Overview and Level Annotations

Branches:
Dungeon (9/15)
 Temple: D:4-7         Lair: D:8-11         Orc: D:9-12

Altars:
Nemelex Xobeh
Sif Muna
Zin

Shops:
D:1 ((   D:3 [

Annotations:
D:3 1 runed translucent door, Crazy Yiuf


Innate Abilities, Weirdness & Mutations

You are immune to sickness and miasma.
Your stone body is resilient. (AC +6)
You are immune to poison.
You resist negative energy. (rN+)
You are resistant to electric shocks. (rElec)
You are resistant to unholy torment.
You are immune to petrification.


Message History

The two-headed ogre is caught in the net!
The two-headed ogre is lightly wounded.
The two-headed ogre struggles against the net.
Unknown command.
You hit the two-headed ogre.
Your weapon exudes an aura of protection.
The two-headed ogre is lightly wounded.
The two-headed ogre struggles against the net.
You hit the two-headed ogre.
The two-headed ogre is moderately wounded.
The two-headed ogre struggles against the net.
You hit the two-headed ogre.
The two-headed ogre is moderately wounded.
The two-headed ogre struggles against the net.
The net rips apart, and the two-headed ogre comes free!
The two-headed ogre hits you but does no damage.
The two-headed ogre hits you with a +0 giant club!
* * * LOW HITPOINT WARNING * * *
You hit the two-headed ogre.
The two-headed ogre is moderately wounded.
Unknown command.
Okay, then.
Okay, then.
You hit the two-headed ogre.
The two-headed ogre is heavily wounded.
The two-headed ogre hits you with a +0 giant spiked club.
* * * LOW HITPOINT WARNING * * *
The two-headed ogre hits you but does no damage.
Unknown command.
You hit the two-headed ogre.
The two-headed ogre is heavily wounded.
The two-headed ogre hits you with a +0 giant spiked club!
* * * LOW HITPOINT WARNING * * *
The two-headed ogre closely misses you.
Unknown command.
Unknown command.
It was a potion of resistance.
You feel protected.
The two-headed ogre hits you with a +0 giant spiked club!
You die...

# #####+# ###... ..#
#..... ..... .# ..##
#.... ..... ###..#
..##..# #...
#..##..##.#..# #...
#..##..#'..# #..#
#.O##.#..# #..#
#@.##..# #.<#
#..##$#..# #..+ #..##
##..#######..#
###+#####...........##
....................
....................
....................
#.......[...%.......
############........


You could see a two-headed ogre (poisoned).

Vanquished Creatures
  Psyche (D:8)
  3 yaks (D:8)
  A steam dragon (D:8)
  Menkaure (D:5)
  An ice beast (D:8)
  An orc warrior (D:8)
  A centaur (D:8)
  A phantom (D:3)
  A gnoll sergeant (D:7)
  A bullfrog (D:8)
  A scorpion (D:7)
  5 wights (D:8)
  A killer bee (D:9)
  A howler monkey (D:7)
  A bombardier beetle (D:3)
  An orc priest (D:7)
  A hound (D:7)
  Ijyb (D:3)
  An iguana (D:4)
  5 orc wizards
  5 gnolls (D:7)
  5 adders
  2 ribbon worms
  6 dart slugs
  13 orcs
  6 ball pythons
  5 bats
  9 endoplasms
  2 giant cockroaches
  8 goblins
  6 hobgoblins
  2 kobolds
  3 quokkas
  3 frilled lizards
  7 rats
112 creatures vanquished.

Vanquished Creatures (others)
  An orc wizard (D:8)
1 creature vanquished.

Grand Total: 113 creatures vanquished

Notes
Turn   | Place    | Note
-------+----------+-------------------------------------------
     0 | D:1      | Newt the Gargoyle Fighter began the quest for the Orb.
     0 | D:1      | Reached XP level 1. HP: 14/14 MP: 1/1
   114 | D:1      | Reached XP level 2. HP: 12/19 MP: 2/2
   624 | D:1      | Reached XP level 3. HP: 24/24 MP: 3/3
   636 | D:1      | Found Paroff's Weapon Shoppe.
   640 | D:1      | Found Raech's Antique Weapon Emporium.
  1080 | D:2      | Reached skill level 4 in Fighting
  1080 | D:2      | Reached skill level 1 in Long Blades
  1475 | D:3      | Noticed a phantom
  1475 | D:3      | Found a faded altar of an unknown god.
  1507 | D:3      | Reached XP level 4. HP: 24/29 MP: 4/4
  1545 | D:3      | Killed a phantom
  1546 | D:3      | Reached XP level 5. HP: 9/34 MP: 1/5
  2167 | D:3      | Identified the +0 pair of gloves of a sewer {Str+3}
  2181 | D:3      | Found a sparkling altar of Nemelex Xobeh.
  2188 | D:3      | Noticed Ijyb
  2275 | D:4      | Reached XP level 6. HP: 38/40 MP: 6/6
  2302 | D:3      | Killed Ijyb
  2303 | D:3      | Reached skill level 5 in Fighting
  2445 | D:3      | Found Xexuisk's Armour Emporium.
  2518 | D:3      | Found a runed translucent door.
  2519 | D:3      | Noticed Crazy Yiuf
  2847 | D:4      | Found a glowing silver altar of Zin.
  3481 | D:5      | Entered Level 5 of the Dungeon
  3510 | D:5      | Noticed Menkaure
  3516 | D:5      | Killed Menkaure
  3602 | D:5      | You fall into a shaft and drop 3 floors!
  3653 | D:8      | Noticed Psyche
  3668 | Abyss:2  | Cast into level 2 of the Abyss (Psyche)
  3687 | Abyss:2  | Noticed a large abomination
  3693 | Abyss:2  | Found a corrupted altar of Lugonu.
  3693 | Abyss:2  | Noticed a wretched star
  3701 | Abyss:2  | Became a worshipper of Lugonu the Unformed
  3701 | Abyss:2  | Reached * piety under Lugonu
  3701 | Abyss:2  | Reached ** piety under Lugonu
  3702 | D:8      | Escaped the Abyss
  3715 | D:8      | Killed Psyche
  3716 | D:8      | Reached skill level 6 in Fighting
  3716 | D:8      | Reached XP level 7. HP: 24/46 MP: 2/7
  4003 | D:7      | Reached XP level 8. HP: 30/52 MP: 4/8
  4581 | D:7      | Reached skill level 5 in Throwing
  4841 | D:8      | Reached skill level 7 in Fighting
  5416 | D:8      | Found a shimmering blue altar of Sif Muna.
  5436 | D:8      | Reached XP level 9. HP: 57/57 MP: 9/9
  5439 | D:8      | Reached skill level 5 in Armour
  5439 | D:8      | Reached skill level 5 in Shields
  6329 | D:9      | Noticed a two-headed ogre
  6345 | D:9      | HP: 1/59 [two-headed ogre/+0 giant spiked club (11)]
  6346 | D:9      | Mangled by a two-headed ogre

Illustrated notes

Levels and vault maps discovered:
D:1:      nagdon_arrival_double_spiral, layout_loops_ring, serial_shops,
          nicolae_shop_tiny_statue_garden, nicolae_square_shop, minivault_4,
          chequers_serial_rivers_marsh
D:2:      layout_basic
D:3:      layout_rooms, mainiacjoe_overflow_alcove_1,
          dreamdust_ecumenical_altar_statues, serial_shops,
          nicolae_shop_peninsula, uniq_ijyb, uniq_crazy_yiuf_cottage
D:4:      layout_loops_ring, zin_academy
D:5:      layout_rooms, mainiacjoe_overflow_swirl, minmay_temple_entry_grid,
          serial_shops, nicolae_shop_just_a_little_nook,
          corexii_leaking_fountain, uniq_sigmund, uniq_duvessa, uniq_eustachio,
          uniq_menkaure
D:7:      layout_basic, enter_bailey_3
D:8:      layout_cave_pools, kennysheep_orc_sif_temple, serial_co_window_serial,
          co_window_paths_a, co_window_corner_a, co_window_corner_a,
          co_window_paths_a, co_window_paths_a, co_window_paths_a,
          co_window_paths_a, co_window_unsneaky_path_d,
          co_window_of_opportunity_c, co_window_cross_3, co_window_broadway_b,
          co_window_of_opportunity_b, co_window_2corner, co_window_2corner,
          co_window_paths_d, glass_columns_b, glass_columns_a, uniq_psyche
D:9:      minmay_the_grid_net [minmay_the_grid_slots, minmay_the_grid_dragon_b,
          minmay_the_grid_rooms, minmay_the_grid_stretched_grid,
          minmay_the_grid_tri_star, minmay_the_grid_prize_big_room],
          layout_irregular_city, lemuel_crystal_altar, zombieorc2_lemuel,
          lightli_fourway_metalbox

Skill      XL: |  1  2  3  4  5  6  7  8  9 |
---------------+----------------------------+-----
Maces & Flails | 3 |  3.0
Fighting       | 4 6 7 |  7.9
Long Blades    | 1 2 3 |  3.7
Throwing       | 3 4 5 |  5.3
Armour         | 4 6 |  6.1
Shields        | 4 6 |  6.1

Action                     |  1- 3 |  4- 6 |  7- 9 || total
---------------------------+-------+-------+-------++-------
  Melee: Flail             |    54 |       |       ||    54
         Falchion          |   109 |   171 |       ||   280
         Unarmed           |       |    16 |       ||    16
         Mace              |       |    34 |   259 ||   293
  Throw: Dart              |       |     6 |    10 ||    16
         Boomerang         |       |       |     4 ||     4
         Javelin           |       |       |     6 ||     6
         Throwing net      |       |       |     1 ||     1
 Invoke: Depart the Abyss  |       |     1 |       ||     1
  Evoke: Wand              |       |     6 |       ||     6
    Use: Scroll            |     6 |     6 |     2 ||    14
         Potion            |       |     3 |     2 ||     5
 Armour: Scale mail        |   134 |   141 |   141 ||   416
         Skin              |       |    24 |       ||    24
         Ring mail         |       |       |   103 ||   103
  Dodge: Dodged            |    85 |   102 |   142 ||   329
  Block: Buckler           |    46 |    39 |    76 ||   161

Table legend: (Time is in decaauts)
 A = Elapsed time spent in this place.
 B = Non-inter-level travel time spent in this place.
 C = Inter-level travel time spent in this place.
 D = Time resting spent in this place.
 E = Time spent auto-exploring this place.
 F = Levels seen in this place.
 G = Mean time per level.
                   A        B        C        D        E       F      G
               +--------+--------+--------+--------+--------+-----+--------+
         Total |   6490 |   6111 |    379 |   1056 |   3546 |   9 |  721.1 |
       Dungeon |   6456 |   6077 |    379 |   1037 |   3546 |   8 |  807.0 |
         Abyss |     34 |     34 |      0 |     19 |      0 |   1 |   34.0 |
               +--------+--------+--------+--------+--------+-----+--------+

Top non-repeatable levels by time:
     D:8: 1738 daAuts
     D:3: 1264 daAuts
     D:7: 917 daAuts
     D:1: 826 daAuts
     D:4: 776 daAuts
     D:2: 690 daAuts
     D:5: 122 daAuts
     D:9: 119 daAuts
 Abyss:2: 34 daAuts
